Map: Invader LE

Players

IIIIIIIIIIII

  • Race: Zerg Zerg
  • League: Master
  • Spawn Location: 1:00

lllllllll (Probe) - Winner!

  • Race: Protoss Protoss
  • League: Master
  • Spawn Location: 11:00

VOD

Have the link to the VOD?

Description

Time

  • Played on: April 16, 2016, 7:04 a.m.
  • Length: 13:33
Show
View Real Time Build Order
Export as new Build Order

IIIIIIIIIIII Zerg 

Build Orders: Hatch First 

Get SALT Encoding   

  12  0:00  Drone  
  13  0:08  Drone  
  14  0:18  Overlord  
  14  0:25  Drone, Extractor  
  14  0:31  Drone, Extractor  
  16  0:36  Drone  
  17  0:55  Hatchery  
  16  0:57  Drone  
  16  0:59  Drone  
  18  1:07  Drone  
  19  1:17  Spawning Pool  
  18  1:19  Drone  
  19  1:26  Drone  
  19  1:29  Extractor  
  19  1:37  Drone  
  20  1:52  Hatchery  
  19  1:56  Drone  
  19  2:00  Drone  
  21  2:06  Extractor, Queen  
  23  2:08  Zergling x2  
  23  2:10  Drone  
  25  2:20  Drone  
  25  2:21  Drone  
  27  2:29  Metabolic Boost  
  27  2:30  Drone  
  27  2:32  Overlord  
  28  2:41  Extractor x2  
  28  2:43  Queen  
  28  2:50  Drone x2  
  28  2:51  Drone  
  33  2:55  Queen  
  35  3:01  Overlord  
  35  3:05  Drone x2  
  37  3:08  Drone  
  38  3:13  Drone x3  
  38  3:17  Overlord  
  41  3:22  Zergling x2  
  41  3:23  Zergling x4  
  44  3:30  Drone x2  
  44  3:31  Queen  
  48  3:34  Extractor  
  48  3:39  Baneling Nest  
  46  3:41  Drone  
  46  3:42  Drone  
  46  3:43  Overlord  
  48  3:50  Spore Crawler  
  48  3:52  Spore Crawler, Drone x2  
  48  3:57  Drone x2  
  48  4:01  Drone, Evolution Chamber  
  50  4:06  Drone  
  50  4:07  Drone x2  
  53  4:19  Spore Crawler, Drone x5  
  57  4:27  Overlord  
  57  4:28  Overlord  
  57  4:30  Zerg Melee Weapons Level 1  
  57  4:38  Lair  
  57  4:39  Overlord  
  57  4:45  Drone  
  57  4:46  Drone x4  
  57  4:49  Queen  
  64  4:55  Queen  
  64  4:57  Zergling x4  
  68  5:06  Zergling x12  
  73  5:11  Baneling x2  
  73  5:12  Overlord  
  73  5:13  Zergling x8  
  77  5:26  Baneling x4  
  77  5:27  Baneling x6, Zergling x8  
  77  5:28  Zergling x2  
  82  5:29  Overlord x2  
  82  5:33  Extractor, Evolution Chamber  
  80  5:45  Zergling x14  
  80  5:46  Zergling x2  
  87  5:58  Drone  
  87  5:59  Drone x6  
  87  6:00  Drone  
  87  6:02  Extractor  
  87  6:03  Extractor  
  93  6:06  Overseer, Queen  
  93  6:07  Infestation Pit  
  94  6:15  Centrifical Hooks, Drone x4  
  94  6:18  Overlord x2  
  84  6:40  Zergling x6  
  84  6:41  Zergling x14  
  84  6:45  Hive  
  87  6:57  Zergling x2  
  87  6:58  Zergling x6  
  87  6:59  Hatchery  
  90  7:02  Zergling x2  
  90  7:03  Zergling x2  
  82  7:17  Drone x9  
  82  7:22  Zerg Melee Weapons Level 2, Extractor  
  88  7:24  Hatchery  
  88  7:25  Zerg Ground Armor Level 1  
  88  7:26  Queen  
  88  7:27  Drone x3  
  91  7:33  Drone  
  93  7:37  Drone  
  93  7:40  Drone  
  93  7:41  Drone  
  93  7:42  Pneumatized Carapace  
  95  7:55  Zergling x16  
  103  8:10  Adrenal Glands, Ultralisk Cavern  
  102  8:16  Baneling x5  
  102  8:19  Zergling x2  
  103  8:20  Zergling x22  
  114  8:31  Baneling x7, Zergling x2  
  114  8:32  Zergling x14  
  113  8:54  Baneling x15  
  113  8:55  Zergling x18  
  112  8:57  Overlord  
  112  9:01  Ultralisk  
  115  9:04  Zergling x4  
  115  9:09  Zergling x6  
  116  9:16  Zergling x10  
  114  9:23  Zergling x2  
  99  9:27  Zergling x2  
  99  9:28  Zergling x10  
  99  9:52  Zergling x14  
  90  10:04  Chitinous Plating  
  90  10:21  Hatchery  
  84  10:37  Ultralisk x3  
  84  10:38  Ultralisk  
  84  10:40  Zerg Melee Weapons Level 3  
  108  10:52  Spire  
  108  10:57  Zergling x16  
  113  11:14  Ultralisk  
  119  11:24  Zergling x4  
  119  11:25  Zergling x10  
  126  11:30  Overseer  
  126  11:34  Drone x4  
  126  11:35  Drone x2  
  126  11:37  Baneling x2  
  126  11:38  Baneling  
  132  11:40  Baneling x2  
  132  11:48  Baneling  
  132  11:49  Baneling x5  
  132  12:06  Zergling x10  
  132  12:10  Spine Crawler  
  125  12:21  Zergling x2  
  125  12:22  Zergling x14  
  131  12:29  Zergling x2  
  116  12:30  Zergling x22  
  121  12:41  Zergling x12  
  123  12:50  Zergling x6  
  126  13:00  Baneling  
  126  13:01  Baneling x15  
  120  13:14  Zergling x2  
  120  13:15  Zergling x10  
Show
View Real Time Build Order
Export as new Build Order

lllllllll Protoss - Winner!

Build Orders: 1 Gate Expand, Mass Adepts 

Get SALT Encoding   

  12  0:01  Probe (Chrono Boost)  
  13  0:12  Probe (Chrono Boost)  
  14  0:19  Pylon  
  14  0:22  Probe (Chrono Boost)  
  15  0:38  Probe (Chrono Boost)  
  15  0:40  Gateway  
  16  0:46  Assimilator  
  16  0:48  Probe (Chrono Boost)  
  17  0:59  Probe (Chrono Boost)  
  18  1:09  Probe (Chrono Boost)  
  19  1:21  Nexus  
  19  1:25  Probe (Chrono Boost)  
  20  1:32  Cybernetics Core  
  20  1:36  Probe (Chrono Boost)  
  21  1:41  Assimilator  
  21  1:46  Probe (Chrono Boost)  
  22  1:51  Pylon  
  22  1:57  Probe (Chrono Boost)  
  23  2:09  Probe (Chrono Boost)  
  23  2:10  Warp Gate, Stalker (Chrono Boost)  
  26  2:21  Probe (Chrono Boost)  
  27  2:33  Probe (Chrono Boost)  
  27  2:34  Probe (Chrono Boost)  
  27  2:36  Twilight Council  
  27  2:37  Adept  
  31  2:43  Probe (Chrono Boost)  
  32  2:45  Probe (Chrono Boost)  
  33  2:54  Probe (Chrono Boost)  
  33  2:56  Mothership Core (Chrono Boost)  
  36  3:04  Adept, Probe (Chrono Boost)  
  39  3:12  Probe (Chrono Boost)  
  39  3:14  Resonating Glaives (Chrono Boost)  
  39  3:15  Probe  
  41  3:23  Probe  
  41  3:27  Probe  
  41  3:30  Gateway  
  41  3:31  Adept  
  41  3:32  Gateway  
  44  3:37  Probe  
  44  3:39  Probe  
  46  3:45  Pylon  
  46  3:47  Pylon  
  46  3:57  Gateway  
  46  3:59  Gateway  
  46  4:02  Probe  
  46  4:03  Probe  
  48  4:12  Probe  
  48  4:14  Adept  
  48  4:16  Probe  
  52  4:22  Assimilator  
  52  4:23  Probe  
  52  4:24  Assimilator  
  52  4:27  Adept x2  
  52  4:28  Probe  
  52  4:31  Forge  
  58  4:35  Adept  
  60  4:38  Pylon  
  60  4:41  Pylon  
  60  4:43  Probe  
  60  4:44  Probe  
  62  4:56  Probe  
  62  4:58  Adept x3  
  69  5:00  Sentry  
  71  5:07  Blink (Chrono Boost)  
  71  5:08  Nexus  
  71  5:12  Pylon  
  71  5:16  Protoss Ground Weapons Level 1 (Chrono Boost)  
  71  5:22  Sentry  
  71  5:25  Sentry  
  71  5:26  Sentry  
  77  5:37  Pylon  
  77  5:39  Pylon  
  77  5:44  Probe x2  
  79  5:55  Adept x5  
  79  5:56  Probe  
  90  5:57  Probe  
  91  6:08  Probe  
  91  6:09  Probe  
  93  6:16  Gateway  
  93  6:17  Gateway  
  93  6:18  Gateway  
  93  6:20  Adept x2  
  93  6:21  Probe  
  98  6:27  Probe  
  98  6:28  Probe  
  98  6:30  Sentry  
  102  6:33  Probe  
  99  6:42  Sentry, Probe  
  99  6:43  Probe  
  99  6:45  Probe  
  104  6:49  Stalker  
  104  6:50  Stalker x2  
  110  6:55  Probe, Robotics Facility  
  110  6:57  Probe x2  
  113  7:01  Stalker  
  91  7:19  Stalker  
  91  7:20  Stalker x6  
  99  7:25  Protoss Ground Weapons Level 2 (Chrono Boost)  
  99  7:27  Adept  
  101  7:43  Adept x7  
  115  7:45  Observer (Chrono Boost), Pylon  
  115  7:47  Pylon  
  116  7:54  Assimilator  
  116  7:56  Assimilator  
  116  8:04  Adept x3  
  116  8:05  Adept x5  
  132  8:19  Robotics Facility  
  132  8:41  Nexus, Pylon  
  132  8:44  Pylon  
  132  8:45  Pylon x2  
  132  8:46  Pylon  
  132  8:56  Immortal (Chrono Boost)  
  130  9:04  Robotics Facility  
  130  9:05  Stalker x4  
  138  9:23  Adept x4  
  126  9:30  Warp Prism (Chrono Boost)  
  132  9:31  Immortal (Chrono Boost)  
  132  9:34  Sentry x3  
  98  9:53  Immortal (Chrono Boost)  
  92  10:01  Templar Archives  
  92  10:03  Immortal (Chrono Boost)  
  96  10:08  Immortal (Chrono Boost)  
  96  10:10  Stalker x2  
  96  10:11  Stalker  
  106  10:19  Adept x2  
  103  10:30  Adept  
  103  10:35  Immortal (Chrono Boost)  
  109  10:37  Protoss Ground Weapons Level 3  
  109  10:43  Adept x2  
  109  10:44  Adept  
  115  10:52  High Templar x4  
  115  10:56  Archon x2  
  123  11:08  Immortal (Chrono Boost)  
  123  11:10  Zealot x3  
  133  11:20  Immortal (Chrono Boost)  
  133  11:23  Probe  
  133  11:24  Probe x2  
  140  11:31  High Templar x2, Probe  
  144  11:36  Probe x2  
  144  11:37  Archon, Probe  
  148  11:42  Charge, Probe  
  149  11:47  Adept  
  149  11:48  Probe x2  
  149  11:51  Adept  
  155  11:57  Adept x2  
  155  12:00  Observer x2 (Chrono Boost)  
  159  12:07  Adept x3  
  165  12:09  Adept  
  165  12:20  Adept  
  165  12:21  Adept  
  168  12:31  Stalker  
  168  12:32  Stalker x2  
  170  12:42  Adept x5  
  172  12:57  High Templar x2, Archon x2  
  176  12:59  Adept  
  176  13:03  Archon  
  176  13:04  Assimilator  
  178  13:08  Assimilator  
  174  13:18  Zealot  
  174  13:19  Zealot x5  
  134  13:30  Zealot  
  134  13:31  Zealot  
Tags
 
Add a new tag
Caveats
  • Supply blocks, unpowered buildings, or Contaminate may cause inaccurate times.
  • Supply counts are checked every 10 seconds.